 Dungeon Crawl Stone Soup version 0.28-a0-1415-g7c84da036a (webtiles) character file.

Game seed: 8436793454020679906

60 flotson the Ducker (level 3, -1/28 HPs)
             Began as a Demonspawn Gladiator on Jan 8, 2022.
             Slain by Sigmund (5 damage)
             ... on level 2 of the Dungeon.
             The game lasted 00:01:28 (1154 turns).

flotson the Ducker (Demonspawn Gladiator)           Turns: 1154, Time: 00:01:29

Health: -1/28      AC:  7    Str: 16    XL:     3   Next: 80%
Magic:  3/3        EV: 11    Int:  9    God:
Gold:   48         SH:  0    Dex: 14    Spells: 2/2 levels left

rFire   . . .      SeeInvis .   a - +0 war axe
rCold   . . .      Faith    .   (no shield)
rNeg    . . .      Spirit   .   j - +0 ring mail
rPois   .          Reflect  .   c - +0 helmet
rElec   .          Harm     .   (no cloak)
rCorr   .          Rampage  .   i - +0 pair of gloves
Will    .....                   (no boots)
Stlth   +.........              (no amulet)
HPRegen 0.09/turn               (no ring)
MPRegen 0.08/turn               (no ring)

@: no status effects
A: demonic magic 2
a: no special abilities


You were on level 2 of the Dungeon.
You visited 1 branch of the dungeon, and saw 2 of its levels.

You collected 48 gold pieces.

Inventory:

Hand Weapons
 a - a +0 war axe (weapon)
Missiles
 f - 2 boomerangs (quivered)
 g - 4 atropa-tipped darts
Armour
 c - a +0 helmet (worn)
 i - a +0 pair of gloves (worn)
 j - a +0 ring mail (worn)
Scrolls
 e - a scroll of identify {unknown}
 k - a scroll of enchant armour {unknown}
Potions
 b - a potion of degeneration {unknown}
 h - a potion of flight {unknown}


   Skills:
 + Level 2.5 Fighting
 + Level 3.1 Axes
 + Level 2.2 Throwing
 + Level 1.1 Armour
 + Level 3.1 Dodging


You had 2 spell levels left.
You didn't know any spells.
Your spell library was empty.

Dungeon Overview and Level Annotations

Branches:
Dungeon (2/15)

Altars:

Annotations:
D:2 Sigmund


Innate Abilities, Weirdness & Mutations

Spells you cast may paralyse nearby enemies.


Message History

g - 5 atropa-tipped darts (gained 1) Throw: 5 darts (atropa)
Press: ? - help, Q - select action, (/) - cycle Shift-Dir - straight line, f/p - Sigmund
Aim: Sigmund, wielding a +0 scythe and wearing a +0 robe (57% to hit, chance to blind on hit: 83%)
You throw an atropa-tipped dart. The atropa-tipped dart hits Sigmund.
Sigmund appears confused.
There is an open door here.
Sigmund seems less confused.
Sigmund casts a spell at you. The puff of flame hits you.
You hit Sigmund.
Sigmund is lightly wounded.
Sigmund hits you with a +0 scythe.
You are too injured to fight recklessly!
You are too injured to fight recklessly!
You are too injured to fight recklessly!
You are too injured to fight recklessly!
You hit Sigmund.
Sigmund is moderately wounded.
Sigmund is no longer blind.
Sigmund hits you with a +0 scythe.
Throw: 3 throwing nets
Press: ? - help, Q - select action, (/) - cycle Shift-Dir - straight line, f/p - Sigmund
Aim: Sigmund, wielding a +0 scythe and wearing a +0 robe (moderately wounded, 57% to hit)
You throw a throwing net. The throwing net barely misses Sigmund.
Sigmund hits you but does no damage.
Throw: 2 throwing nets
Press: ? - help, Q - select action, (/) - cycle Shift-Dir - straight line, f/p - Sigmund
Aim: Sigmund, wielding a +0 scythe and wearing a +0 robe (moderately wounded, 57% to hit)
You throw a throwing net. The throwing net barely misses Sigmund.
Unknown command.
Throw: throwing net
Press: ? - help, Q - select action, (/) - cycle Shift-Dir - straight line, f/p - Sigmund
Aim: Sigmund, wielding a +0 scythe and wearing a +0 robe (moderately wounded, 57% to hit)
You throw a throwing net.
The throwing net completely misses Sigmund.
Sigmund hits you with a +0 scythe.
* * * LOW HITPOINT WARNING * * *
Sigmund hits you but does no damage.
Sigmund hits you from afar with a +0 scythe.
You die...

.......†..†.[ #.
........#.### #.
....#.#.#.# #. .#.
#.#.#.# #. <.
.#.#.#.#
#.######.##.#.#.#
#.........#.#.#.#
# #....###.#.#.#.#
# +@.@.'.........#
#
#....##.##.#.#####
#######....#......
#..........##...
.................
##..........##...
#........†.##...
#..........##...
#..........#####


You could see Sigmund.

Vanquished Creatures
  Natasha (D:2)
  An adder (D:2)
  5 endoplasms
  2 giant cockroaches
  A goblin (D:1)
  2 jackals (D:2)
  2 quokkas
  2 ball pythons
  3 bats (D:1)
  A frilled lizard (D:2)
  2 kobolds (D:1)
  3 rats (D:2)
25 creatures vanquished.

Notes
Turn   | Place    | Note
-------+----------+-------------------------------------------
     0 | D:1      | flotson the Demonspawn Gladiator began the quest for the
                  | Orb.
     0 | D:1      | Reached XP level 1. HP: 16/16 MP: 1/1
   268 | D:1      | Found a faded altar of an unknown god.
   584 | D:1      | Gained mutation: Spells you cast may paralyse adjacent
                  | enemies. [demonic ancestry]
   584 | D:1      | Reached XP level 2. HP: 22/22 MP: 2/2
  1046 | D:2      | Gained mutation: Spells you cast may paralyse nearby
                  | enemies. [demonic ancestry]
  1046 | D:2      | Reached XP level 3. HP: 26/28 MP: 3/3
  1057 | D:2      | Noticed Natasha
  1063 | D:2      | Killed Natasha
  1064 | D:2      | Reached skill level 1 in Armour
  1135 | D:2      | Noticed Sigmund
  1154 | D:2      | Slain by Sigmund

Illustrated notes

Levels and vault maps discovered:
D:1:      elethiomel_arrival_maze, layout_rooms,
          ebering_ecumenical_altar_sacrificial, ebering_dispersal_statue_hall
D:2:      layout_basic, uniq_natasha, uniq_sigmund

Skill      XL: |  1  2  3 |
---------------+----------+-----
Throwing       | 2 |  2.2
Dodging        | 3 |  3.1
Axes           | 3 |  3.1
Armour         | 1 |  1.1
Fighting       | |  2.5

Action                   || total
-------------------------++-------
Melee: War axe           ||    53
       Punch             ||     2
Throw: Throwing net      ||     3
       Dart              ||     2
 Stab: Sleeping          ||     1
Armor: Leather armour    ||    10
       Ring mail         ||    16
Dodge: Dodged            ||    33

Table legend: (Time is in decaauts)
 A = Elapsed time spent in this place.
 B = Non-inter-level travel time spent in this place.
 C = Inter-level travel time spent in this place.
 D = Time resting spent in this place.
 E = Time spent auto-exploring this place.
 F = Levels seen in this place.
 G = Mean time per level.
                   A        B        C        D        E       F      G
               +--------+--------+--------+--------+--------+-----+--------+
         Total |   1172 |   1138 |     34 |      0 |    937 |   2 |  586.0 |
       Dungeon |   1172 |   1138 |     34 |      0 |    937 |   2 |  586.0 |
               +--------+--------+--------+--------+--------+-----+--------+

Top non-repeatable levels by time:
     D:1: 807 daAuts
     D:2: 364 daAuts
